 Dungeon Crawl Stone Soup version 0.18-a0-1643-gb89d9db (webtiles) character file.

62 zxpr0jk the Skirmisher (level 3, -24/34 HPs)
             Began as a Minotaur Fighter on Mar 29, 2016.
             Killed from afar by Ijyb (25 damage)
             ... with a wand of lightning
             ... on level 3 of the Dungeon.
             The game lasted 00:05:28 (1166 turns).

zxpr0jk the Skirmisher (Minotaur Fighter)           Turns: 1166, Time: 00:05:28

Health: -24/34     AC: 13    Str: 20    XL:     3   Next: 85%
Magic:  2/2        EV:  5    Int:  5    God:
Gold:   114        SH:  9    Dex: 10    Spells: 0 memorised, 2 levels left

rFire  . . .     SeeInvis .     a - +0 war axe
rCold  . . .     Gourm    .     r - +0 chain mail
rNeg   . . .     Faith    .     c - +0 shield
rPois  .         Spirit   .     (helmet restricted)
rElec  .         Dismiss  .     (no cloak)
rCorr  .         Reflect  .     m - +0 pair of gloves (curse)
SustAt .         Harm     .     l - +0 pair of boots
MR     .....                    (no amulet)
Stlth  ..........               (no ring)
                                e - +2 ring of protection

@: not resistant to hostile enchantments, extremely unstealthy
A: retaliatory headbutt, horns 2
a: no special abilities


You were on level 3 of the Dungeon.
You were not hungry.

You visited 1 branch of the dungeon, and saw 4 of its levels.

You collected 114 gold pieces.

Inventory:

Hand Weapons
 a - a +0 war axe (weapon)
Armour
 c - a +0 shield (worn)
 l - a +0 pair of boots (worn)
 m - a cursed +0 pair of gloves (worn)
 r - a +0 chain mail (worn)
Jewellery
 e - a +2 ring of protection (left hand)
Scrolls
 b - a scroll of amnesia {unknown}
 g - 3 scrolls of teleportation {unknown}
 h - a scroll of immolation {unknown}
 j - a scroll of random uselessness {unknown}
 k - 2 scrolls of remove curse {unknown}
 n - a scroll of magic mapping {unknown}
 o - a scroll of fog {unknown}
 u - a scroll of enchant weapon {unknown}
 x - a scroll of identify {unknown}
Potions
 d - a potion of might
 i - 2 potions of curing {unknown}
 p - a potion of magic {unknown}
 w - a potion of resistance {unknown}
 z - a potion of flight {unknown}
Comestibles
 f - 3 bread rations
 q - a slice of pizza
 s - a royal jelly
 t - a chunk of flesh
 v - a meat ration


   Skills:
 + Level 4.5 Fighting
 * Level 4.3 Axes
 - Level 3.6 Armour
 - Level 3.6 Shields


You had 2 spell levels left.
You didn't know any spells.

Dungeon Overview and Level Annotations

Branches:
Dungeon (4/15)
 Temple: D:4-7

Altars:
Ashenzari
Elyvilon

Annotations:
D:3 Ijyb


Innate Abilities, Weirdness & Mutations

You reflexively headbutt those who attack you in melee.
You have a pair of horns on your head.


Message History

Ijyb be lightly wounded!
Ijyb hits ye but does nay damage!
Ye closely miss Ijyb!
Ye headbutt Ijyb, but do nay damage!
Ijyb be lightly wounded!
Ijyb screams, "Me annihilate ye!!!"
Ijyb hits ye but does nay damage!
Ijyb hits ye!
Ye carve Ijyb like a ham!!!
Yer headbutt misses Ijyb!
Ijyb be severely wounded!
Yer shield an' chain mail prevent ye from hittin' tha rat!
Ye op'n tha giant gecko like a pillowcase!!!
Ye annihilate tha giant gecko!!!
Ye chop tha kobold inta pieces!
Tha kobold be moderately wounded!
Tha rat bites ye but does nay damage!
Tha kobold hits ye but does nay damage!
Ijyb zaps a wand!
Tha bolt o' lightnin' hits ye!!!
Ouch!!!
Tha re'lly hurt!!!
* * * LOW HITPOINT WARNIN'
* * * Tha bolt o' lightnin' hits ye!!!
Ouch!!!
Tha re'lly hurt!!!
Ye die!!!

..........#
?>........#
.$........#
..........###
............
.......<..#
......rgK.#
.......@..#####.
................
#####...?.####...#
#####..# ... .[#
##.# #.# #(.# #.#
#.# #..# #.# #.#
#..# ##.#####.#
#..# #..<##...#
#..#


You could see Ijyb, a kobold and a rat.

Vanquished Creatures
  2 adders (D:3)
  A worm (D:3)
  3 dart slugs
  2 giant geckos
  An orc (D:3)
  A ball python (D:1)
  3 bats
  A giant cockroach (D:1)
  2 goblins (D:1)
  2 hobgoblins (D:3)
  6 jackals
  3 kobolds (D:1)
  2 giant newts (D:1)
  A rat (D:1)
30 creatures vanquished.

Notes
Turn   | Place    | Note
--------------------------------------------------------------
     0 | D:1      | zxpr0jk the Minotaur Fighter began the quest for the Orb.
     0 | D:1      | Reached XP level 1. HP: 19/19 MP: 0/0
   154 | D:1      | Reached XP level 2. HP: 18/27 MP: 1/1
   737 | D:2      | Reached XP level 3. HP: 33/33 MP: 2/2
   748 | D:2      | You fall through a shaft for 2 floors!
   808 | D:4      | Noticed a phantom
   922 | D:4      | Found a white marble altar of Elyvilon.
  1045 | D:3      | Found a shattered altar of Ashenzari.
  1160 | D:3      | Noticed Ijyb
  1166 | D:3      | HP: 1/34 [Ijyb/wand of lightning (18)]
  1166 | D:3      | Killed from afar by Ijyb

Vault maps used:
D:1:      eino_arrival_cavern_a, corexii_corridor_pit, minmay_liquid_box,
          amethyst_killhole
D:2:      cheibriados_altar_1
D:3:      lemuel_upstairs_altar, nicolae_overflow_crystal_walls, uniq_iyjb
D:4:      lemuel_zombie_altar_yredelemnul, gup_sewer_entry_bowl,
          roderic_lattice_a, elyvilon_altar_5

Skill      XL: |  1  2  3 |
---------------+----------+-----
Fighting       | 4 |  4.5
Axes           | 3 4 |  4.3
Armour         | |  3.6
Shields        | |  3.6

Action                   || total
-------------------------++-------
Melee: War axe           ||   100
  Eat: Chunk             ||     1
